[Event "Marienbad Open IM B 2025"]
[Site "Marianske Lazne"]
[Date "2025.01.21"]
[Round "4.11"]
[White "Konopka, Michal"]
[Black "Sliwerski, Radoslaw"]
[Result "1-0"]
[Annotator "TA"]
[ECO "A46"]
[WhiteElo "2321"]
[BlackElo "2040"]
[PlyCount "111"]
[EventDate "2025.01.18"]
[EventType "tourn"]
[EventCountry "CZE"]
[SourceTitle "playchess.com"]
[Source "ChessBase"]
[SourceQuality "1"]
[TimeControl "40/5400+30:1800+30"]

1. d4 Nf6 2. Nf3 d5 3. g3 e6 4. Bg2 c5 5. O-O Nc6 6. b3 cxd4 7. Nxd4 Nxd4 8. Qxd4 Be7 9. Bb2 O-O 10. c4 dxc4 11. Qxc4 Rb8 (11... Qa5 $14) 12. Be5 $1 $16 {[%emt 0:29:14] White has more active pieces. The black rooks are passive.} Bd6 13. Bxf6 (13. Rd1 $16 Nd5 14. Bxd6 Qxd6 15. Nc3) 13... Qxf6 $11 14. Nc3 Be5 15. Rac1 Bd7 16. Ne4 Qe7 17. Qc5 Qxc5 18. Nxc5 Bc8 $1 {[%emt 0:08:16] Black is weak on the light squares} 19. Rfd1 b6 20. f4 Bb2 21. Rc2 bxc5 22. Rxb2 {[%emt 0:00:07] Threatening Rc2.} c4 23. Rc1 cxb3 24. axb3 Bb7 25. Rc7 Bxg2 26. Kxg2 {[%emt 0:00:04][%mdl 4096] Endgame KRR-KRR} a5 27. Rc5 a4 (27... Ra8 $11) 28. b4 $14 Rfc8 {[%emt 0:06:08] Hoping for ...Rxc5.} 29. Ra5 Rc4 30. Rxa4 h5 31. Kf3 Rd8 ({Black should play} 31... f5 $14) 32. Ra3 Rb8 33. b5 Rb6 34. Ra6 $1 Rxa6 (34... Rb7 $142 35. Rb3 Kh7) 35. bxa6 $18 {[%emt 0:00:02] KR-KR. White is a pawn up.} Ra4 36. Rb6 g6 37. h3 Kg7 38. g4 $2 (38. Ke3 $18) 38... Ra3+ $2 {[%emt 0:00:28][%mdl 8192] [#]} (38... g5 $14) 39. e3 $1 hxg4+ 40. hxg4 g5 $2 {[%emt 0:00:50] [#]} (40... Ra5 41. g5 Ra4) 41. Ke4 $1 ({Less strong is} 41. fxg5 Ra4 $14) 41... gxf4 42. exf4 Kf6 43. g5+ Kg7 44. Ke5 $2 (44. Kd4 {aiming for Kc5.} Ra1 45. Kc5) 44... Ra4 $2 (44... Rd3 45. a7 Rd5+ 46. Ke4 Ra5) 45. Rc6 Ra5+ 46. Kd4 Ra4+ 47. Ke5 Ra5+ $1 48. Kd6 Ra4 49. Kc7 Rxf4 50. a7 Ra4 51. Kb7 Rxa7+ 52. Kxa7 Kg6 53. Rc5 f5 54. gxf6 Kxf6 55. Kb6 e5 56. Kb5 1-0

[Event "Marienbad Open IM B 2025"]
[Site "Marianske Lazne"]
[Date "2025.01.21"]
[Round "4.12"]
[White "Roesemann, Rainer"]
[Black "Vaculik, Jakub"]
[Result "0-1"]
[Annotator "TA"]
[ECO "A13"]
[WhiteElo "2276"]
[BlackElo "2281"]
[PlyCount "96"]
[EventDate "2025.01.18"]
[EventType "tourn"]
[EventCountry "CZE"]
[SourceTitle "playchess.com"]
[Source "ChessBase"]
[SourceQuality "1"]
[TimeControl "40/5400+30:1800+30"]

1. c4 Nf6 2. g3 e6 3. Bg2 d5 4. Nf3 dxc4 5. O-O a6 6. Na3 b5 7. b3 cxb3 8. axb3 (8. Ne5 $15 Ra7 9. Qxb3) 8... Bb7 $17 9. Bb2 Be7 10. Qc2 Nbd7 11. d4 Be4 12. Qd2 O-O 13. Rfd1 Nb6 ({Black should play} 13... Bd5 $17 14. Ne1 Bxg2 15. Nxg2 Qc8) 14. Nc2 (14. Nb1 $15) 14... Qd5 15. Ba3 Bd6 {[%emt 0:06:20] Black has more active pieces.} (15... Qxb3 16. Bxe7 Qxc2 (16... Bxc2 17. Rdc1 $16) 17. Qxc2 Bxc2 18. Rdc1 $18) 16. Qc3 Qb7 17. Nfe1 Bxg2 18. Nxg2 Nbd5 19. Qd3 Rfd8 (19... Ne7 $142 20. Nge3 a5) 20. f3 (20. e4 $17 Bxa3 21. exd5) 20... Nb6 (20... Bxa3 $19 21. Nxa3 Ne7) 21. e4 {[%emt 0:03:05] [#]} (21. Bxd6 $142 Rxd6 (21... cxd6 $2 22. e4 $17) 22. e4) 21... Bxa3 $1 22. Rxa3 c5 23. Qe2 c4 24. Nge3 cxb3 25. Rxb3 Na4 26. Ra1 Qa7 27. Kg2 Rac8 28. Qd2 ({White should try} 28. Qe1) 28... Nd7 29. Qa5 Ra8 30. h4 Rdc8 31. h5 h6 32. g4 Qc7 (32... Ndb6 $19 33. Qd2 Qd7) 33. Qd2 (33. Qxc7 $17 Rxc7 34. Kf2) 33... Ndb6 $19 34. Na3 Qf4 35. Ra2 Ra7 36. Nac2 (36. Rc2 {keeps fighting.}) 36... Qg5 37. Qf2 Rac7 38. Nb4 (38. Qe1 $142) 38... Rc3 39. Rxc3 Rxc3 40. f4 Qd8 41. d5 Qd6 42. Nc6 Qc5 (42... exd5 $2 43. Nf5 Qc5 (43... Qxc6 $2 44. Ne7+ Kh7 45. Nxc6 $18) 44. Nce7+ Kf8 45. Qh4 $19) (42... b4 $142 {White must now prevent ...b3.} 43. Rd2 b3) 43. Re2 (43. Nd1 $142 Qxf2+ 44. Kxf2) 43... exd5 44. Ne5 $2 (44. Nf5 {was the only defense.}) 44... d4 45. Nf5 d3 46. Qh4 {[%emt 0:00:00] Black must now prevent Qd8+.} dxe2 47. Qd8+ Kh7 48. g5 {[%emt 0:01:40] [#]} Qg1+ $3 0-1

[Event "Marienbad Open IM B 2025"]
[Site "Marianske Lazne"]
[Date "2025.01.21"]
[Round "4.14"]
[White "Senthil Maran K"]
[Black "Tichy, Stepan"]
[Result "1-0"]
[Annotator "TA"]
[ECO "A13"]
[WhiteElo "2398"]
[BlackElo "2184"]
[PlyCount "103"]
[EventDate "2025.01.18"]
[EventType "tourn"]
[EventCountry "CZE"]
[SourceTitle "playchess.com"]
[Source "ChessBase"]
[SourceQuality "1"]
[TimeControl "40/5400+30:1800+30"]

1. c4 e6 2. g3 Nf6 3. Bg2 d5 4. d4 c6 5. Nf3 Ne4 6. O-O Nd7 7. Nc3 f5 8. Bf4 Be7 9. Qc2 O-O (9... g5 $11 {is superior.} 10. Be3 Nd6) 10. Nxe4 fxe4 11. Ne5 Bf6 12. Rad1 g5 13. Be3 Nxe5 14. dxe5 Bxe5 15. Bxe4 Qe7 16. cxd5 exd5 17. Bc5 Bd6 {[%emt 0:01:31] [#]} 18. Bxh7+ $1 Qxh7 19. Qxh7+ Kxh7 20. Bxd6 Re8 21. Rd2 Bh3 22. Re1 Re6 23. Ba3 Bf5 24. f3 $36 {[%emt 0:00:26][%mdl 2048] White is more active.} g4 25. Kf2 Rae8 26. Rh1 (26. Rc1 $14) 26... Rf6 27. Rf1 Kg6 28. Bc5 b6 29. Bd4 Rfe6 {[%emt 0:00:31] [#]} 30. b4 $1 Kf7 31. Rh1 Rc8 32. Bb2 (32. Rc1 $16) 32... Rce8 $14 33. Bd4 Rc8 $1 34. Bc3 Rce8 35. h3 gxf3 36. exf3 Re3 37. Rc1 {[%emt 0:00:13] g4 is the strong threat.} Bd3 38. g4 c5 {[%emt 0:00:16] Against Bd4} 39. bxc5 bxc5 40. Ba1 Be2 $2 (40... Re2+ $11 41. Rxe2 Rxe2+ 42. Kg3 Rxa2) 41. Rxc5 $18 (41. Rxd5 Rxf3+ 42. Kg2 Ree3 $16) 41... Rxf3+ 42. Kg2 Ra3 (42... Ree3 $2 43. Rc7+ (43. Rcxd5 Rg3+ 44. Kh2 Rxh3+ 45. Kg2 Rhg3+ 46. Kh2 Bxg4 $11) 43... Kg6 44. Rc6+ (44. Rxa7 Bf1+ 45. Kg1 Bxh3 $11) (44. Rxd5 Rg3+ 45. Kf2 Rgf3+ 46. Kg1 Rg3+ 47. Kf2 Rgf3+ 48. Kg1 Rg3+ 49. Kh2 Rxh3+ 50. Kg2 Rhg3+ 51. Kh2 Rh3+ 52. Kg2 Rhg3+ 53. Kf2 Rgf3+ 54. Kg2 Rg3+ $11) 44... Kf7 45. Rxe2 (45. Rxd5 Bf1+ 46. Kg1 Bxh3 $11) 45... Rg3+ 46. Kf1 Rxh3 47. Rf6+ Kg8 48. Rxe3 Rxe3 49. g5 $18) 43. Rc7+ (43. Rdxd5 Bf3+ (43... Rxa2 44. Rf5+ Ke6 45. Rce5+ Kd7 46. Rf7+ Kd6 47. Rxe8 $16) 44. Kf1 Bxd5 45. Rxd5 Rxh3 $15) 43... Kg8 $2 (43... Kg6 44. Rg7+ (44. Rxd5 $2 Bf3+ 45. Kf2 Bxd5 $19) 44... Kh6) 44. Bd4 $2 (44. Rxd5 $2 Bf3+ (44... Rxa2 45. Rg7+ Kh8 46. Rh5#) 45. Kg3 Bxd5+ $19) (44. Bc3) 44... a5 $2 (44... Rd3 {is tougher.} 45. Rg7+ Kf8 46. Rxd3 Bxd3 47. Rxa7 Re4) 45. Rg7+ Kf8 46. Ra7 (46. Rc2 $142 Bf3+ 47. Kf1) 46... Kg8 $2 (46... Rd3 47. Bc5+ Kg8 48. Rxd3 Bxd3) 47. Bc5 $2 (47. Rc2 {White threatens Rcc7 and mate.} Bf3+ 48. Kf1) 47... Bf3+ $2 (47... Rd3 48. Rxd3 Bxd3 49. Rxa5 Re2+ 50. Kg3 Rc2) 48. Kg3 Rc3 49. Bd4 ({Inferior is} 49. Rxa5 Bxg4+ 50. Kxg4 Re4+ 51. Kf5 Rf3+ 52. Kg5 Rg3+ 53. Kf6 Rf3+ 54. Kg6 Rg3+ 55. Kf5 Rf3+ 56. Kg6 Rg3+ 57. Kh5 Rxh3+ 58. Kg5 Rg3+ 59. Kh5 Rh3+ 60. Kg6 Rg3+ 61. Kh5 Rh3+ $11) 49... Ra3 50. Rg7+ Kf8 51. Rf2 Re4 52. Bb2 (52. Rxf3+ Rxf3+ 53. Kxf3 Rxd4 $16) 1-0

[Event "Marienbad Open IM B 2025"]
[Site "Marianske Lazne"]
[Date "2025.01.21"]
[Round "4.15"]
[White "Van der Hagen, Loek"]
[Black "Ochedzan, Filip"]
[Result "1-0"]
[Annotator "TA"]
[ECO "B67"]
[WhiteElo "2299"]
[BlackElo "2138"]
[PlyCount "145"]
[EventDate "2025.01.18"]
[EventType "tourn"]
[EventCountry "CZE"]
[SourceTitle "playchess.com"]
[Source "ChessBase"]
[SourceQuality "1"]
[TimeControl "40/5400+30:1800+30"]

1. e4 c5 2. Nf3 d6 3. d4 cxd4 4. Nxd4 Nf6 5. Nc3 Nc6 6. Bg5 e6 7. Qd2 a6 8. O-O-O Bd7 9. f3 Nxd4 10. Qxd4 Be7 11. g4 h5 12. gxh5 Nxh5 13. Bxe7 Qxe7 14. Rg1 (14. Qxd6 $2 Qxd6 15. Rxd6 Ng3 $19) 14... Bc6 15. Qxd6 Qxd6 16. Rxd6 Ke7 17. Rd2 b5 (17... Nf4 $11) 18. Rg5 g6 19. Rc5 Rhc8 $1 20. Rg5 (20. Nd1 $14) 20... b4 (20... Rh8 $1 $11 {keeps the balance.}) 21. Nd1 $16 {[%emt 0:08:21] White has more active pieces.} Nf4 22. Ra5 Bb5 23. Bxb5 $18 axb5 24. Rxb5 Rxa2 25. Rb7+ $1 (25. Rxb4 $2 Ra1#) 25... Ke8 {[%emt 0:08:03] [#]} 26. Kb1 {[%emt 0:10:03] Inhibits Ra1+.} (26. Rxb4 $2 Ra1#) (26. Rdd7 $1 $18 {[%cal Rd7e7] Black must now prevent Re7+.} b3 27. c3 (27. Rxf7 $2 Rxc2+ 28. Kb1 Ra1+ 29. Kxa1 Rc1#) (27. Re7+ Kf8 $18)) 26... Rca8 $14 27. Rb8+ Ke7 28. Rxa8 (28. Rxb4 $2 Ra1#) 28... Rxa8 {[%emt 0:00:06][%mdl 4096] Endgame KRN-KRN. White is a pawn up.} 29. Ne3 Rh8 30. Nf1 (30. Ng4 $14) 30... Rh3 $11 31. Ng3 Nh5 32. Rg2 Nf4 33. Rf2 Kd6 34. Ka2 Kc5 35. Kb3 Kb5 36. Rd2 Nh5 37. Rd4 Nxg3 (37... Rxh2 $11 38. Rxb4+ Kc6 39. Nxh5 gxh5) 38. Rxb4+ {[%emt 0:00:14] KRN-KR} (38. hxg3 {simplifies} Rxg3 39. Rxb4+ Kc6 40. Rc4+) 38... Kc5 {[%emt 0:11:20] Threatens to win with ...Ne2.} 39. Rc4+ Kb5 (39... Kd6 $1 $14 40. hxg3 Rxg3) 40. hxg3 $16 Rxg3 {[%emt 0:00:05] KR-KR. White is a pawn up.} 41. Rc3 e5 (41... g5 $142) 42. Rd3 f5 43. exf5 gxf5 {[%emt 0:00:16] [#]} 44. Rd5+ $1 Kc6 45. Rxe5 Rxf3+ 46. Kc4 Rf2 47. Kd3 Kd6 48. Re8 Rh2 (48... f4 $16) 49. b4 $18 Rh7 (49... Rh3+ 50. Kc4 Rh2) 50. Rf8 (50. Rd8+ $18 Ke7 51. Rd5) 50... Rh5 $2 (50... Rh3+ $16 51. Kc4 Rh4+ 52. Kb3 f4) 51. c3 $2 (51. c4 $18) 51... Ke7 $2 (51... Rh3+ $16 {was necessary.} 52. Kc4 Rh4+ 53. Kb3 Rf4) 52. Rc8 Rh6 53. Rc7+ (53. b5 $18 {is more deadly.}) 53... Kd6 $16 54. Rf7 ({White should try} 54. Ra7 $16 {Ra6+ would kill now.} Rh3+ 55. Kc4) 54... Ke6 $2 (54... Rh3+ $14 55. Kc4 Rh4+ 56. Kb5 Ke6) 55. Rf8 $18 Ke5 56. b5 f4 57. Kc4 Rh7 58. b6 Kd6 59. Rxf4 Kc6 60. Rf6+ Kb7 61. Kb4 Ka6 62. c4 Rh5 63. Rd6 Rg5 64. c5 Rg4+ 65. Kc3 Rg7 66. Kc4 Rh7 67. Re6 Rg7 68. Kd5 Kb7 69. Kd6 Rg8 70. Re7+ Kb8 71. c6 Rd8+ 72. Ke6 Rh8 73. Kd7 1-0

[Event "Marienbad Open IM B 2025"]
[Site "Marianske Lazne"]
[Date "2025.01.21"]
[Round "5.11"]
[White "Ochedzan, Filip"]
[Black "Konopka, Michal"]
[Result "0-1"]
[Annotator "TA"]
[ECO "B01"]
[WhiteElo "2138"]
[BlackElo "2321"]
[PlyCount "82"]
[EventDate "2025.01.18"]
[EventType "tourn"]
[EventCountry "CZE"]
[SourceTitle "playchess.com"]
[Source "ChessBase"]
[SourceQuality "1"]
[TimeControl "40/5400+30:1800+30"]

1. e4 d5 2. exd5 Qxd5 3. Nc3 Qa5 4. d4 Nf6 5. Nf3 Bf5 6. Bd2 e6 {[%emt 0:01:19] [#]} 7. Ne4 Qb6 $11 8. Nxf6+ gxf6 9. Bc3 Bb4 10. Qd2 (10. Bd3 $11 {feels stronger.} Bxd3 11. Qxd3) 10... Nc6 $15 11. Bd3 Bg4 $1 12. Bxb4 Nxb4 13. Be2 Bxf3 $1 14. Bxf3 {[%emt 0:02:11] [#]} Qxd4 $1 15. c3 (15. O-O-O Qxd2+) 15... Qxd2+ 16. Kxd2 O-O-O+ 17. Ke2 Nd3 18. b3 f5 19. g3 Ne5 {[%emt 0:01:56] Black is more active.} 20. Bg2 Rd6 21. Rad1 Rhd8 22. Rxd6 Rxd6 23. Rd1 Rxd1 24. Kxd1 $17 {[%emt 0:00:06][%mdl 4096] Endgame KB-KN. Black is a pawn up.} b6 ({Much worse is} 24... Ng4 $6 25. Ke2 $11) 25. Ke2 Kd7 26. h3 Kd6 27. f4 Nd7 28. Ke3 Nf6 29. Bf3 e5 30. fxe5+ $2 (30. Bb7 $17 {is a better defense.}) 30... Kxe5 $19 31. c4 Ne4 32. g4 (32. Bh5 $142) 32... f4+ 33. Ke2 Nc3+ 34. Kd3 Nxa2 35. Bb7 (35. g5 $142) 35... Nc1+ 36. Kc2 Ne2 37. Kd3 Nd4 38. b4 a5 39. bxa5 bxa5 {[%emt 0:00:06] ...f3 would now be deadly.} 40. g5 Ne6 {[%emt 0:00:33] ( -> ...Nc5+)} 41. Bc6 Nxg5 0-1

[Event "Marienbad Open IM B 2025"]
[Site "Marianske Lazne"]
[Date "2025.01.21"]
[Round "5.12"]
[White "Tichy, Stepan"]
[Black "Van der Hagen, Loek"]
[Result "1/2-1/2"]
[Annotator "TA"]
[ECO "A15"]
[WhiteElo "2184"]
[BlackElo "2299"]
[PlyCount "65"]
[EventDate "2025.01.18"]
[EventType "tourn"]
[EventCountry "CZE"]
[SourceTitle "playchess.com"]
[Source "ChessBase"]
[SourceQuality "1"]
[TimeControl "40/5400+30:1800+30"]

1. c4 Nf6 2. g3 e5 3. Bg2 d5 4. cxd5 Nxd5 5. Nc3 Nxc3 6. bxc3 Bd6 7. Nf3 O-O 8. O-O e4 9. Nd4 Re8 10. d3 exd3 11. Qxd3 c6 12. Be3 (12. Rd1 $14) 12... Bf8 $11 13. Rfd1 Qf6 14. a4 a5 15. Bf3 Nd7 16. Qf5 Qe7 17. Bf4 g6 18. Qc2 Bg7 19. Rd2 Ne5 20. Bxe5 Qxe5 21. Rad1 Qc5 22. Kg2 Ra6 23. Rb1 Rb6 24. Rxb6 Qxb6 25. Qb2 Qc5 26. e3 Bf6 27. Qb3 Rd8 28. Rb2 Kg7 29. Rb1 h5 30. h4 Rd6 31. Rb2 Rd8 32. Rb1 Rd6 33. Rb2 1/2-1/2

[Event "Marienbad Open IM B 2025"]
[Site "Marianske Lazne"]
[Date "2025.01.21"]
[Round "5.13"]
[White "Pisk, Petr"]
[Black "Senthil Maran K"]
[Result "1/2-1/2"]
[Annotator "TA"]
[ECO "B31"]
[WhiteElo "2302"]
[BlackElo "2398"]
[PlyCount "36"]
[EventDate "2025.01.18"]
[EventType "tourn"]
[EventCountry "CZE"]
[SourceTitle "playchess.com"]
[Source "ChessBase"]
[SourceQuality "1"]
[TimeControl "40/5400+30:1800+30"]

1. e4 c5 2. Nf3 Nc6 3. Bb5 g6 4. Bxc6 bxc6 5. O-O Bg7 6. c3 Nh6 7. d4 cxd4 8. cxd4 O-O 9. Nc3 f6 10. b3 Nf7 11. Bb2 Ba6 12. Re1 d6 13. Rc1 e5 14. Na4 Rc8 15. h3 Qe7 16. Rc2 Bb5 17. Nc3 Ba6 18. Na4 Bb5 {[%emt 0:00:06] Weighted Error Value: White=0.09 (flawless) /Black=0.06 (flawless) .  OK:         	White=3     	Black=4} 1/2-1/2

[Event "Marienbad Open IM B 2025"]
[Site "Marianske Lazne"]
[Date "2025.01.21"]
[Round "5.14"]
[White "Vaculik, Jakub"]
[Black "Bhagat Kush"]
[Result "1/2-1/2"]
[Annotator "TA"]
[ECO "A48"]
[WhiteElo "2281"]
[BlackElo "2294"]
[PlyCount "123"]
[EventDate "2025.01.18"]
[EventType "tourn"]
[EventCountry "CZE"]
[SourceTitle "playchess.com"]
[Source "ChessBase"]
[SourceQuality "1"]
[TimeControl "40/5400+30:1800+30"]

1. d4 Nf6 2. Nf3 g6 3. Bg5 Bg7 4. Nbd2 O-O 5. c3 d6 6. e4 Nbd7 7. Be2 h6 8. Bh4 e5 9. dxe5 dxe5 10. O-O b6 11. Qc2 Bb7 12. Rfe1 Qe7 13. a4 a5 14. Bb5 Nc5 15. Rac1 Rac8 16. b4 axb4 17. cxb4 c6 18. Bf1 (18. bxc5 cxb5 19. Qd3 bxa4 (19... bxc5 20. Bxf6 Bxf6 21. axb5 $14) 20. cxb6 Rxc1 21. Rxc1 Rd8 $15) 18... Na6 19. Bxa6 (19. Qb2 $16) 19... Bxa6 $11 20. Qc3 Rfd8 (20... g5 $11) 21. Nc4 (21. Qxe5 Qxe5 (21... Qxb4 $2 22. Bxf6 Bxf6 23. Qxf6 $18) 22. Nxe5 Rxd2 $15) (21. Nxe5 $14 g5 (21... Rxd2 22. Nxc6 Qd6 23. b5 $16) 22. Nxc6) 21... Bxc4 22. Qxc4 g5 23. Bg3 Nh5 24. Red1 Nxg3 25. hxg3 Rxd1+ $1 26. Rxd1 Qb7 {[%emt 0:00:22] Black is weak on the light squares} (26... Bf8 $11) 27. Rc1 {[%emt 0:03:58] White is much more active.} (27. a5 $16) 27... Ra8 28. Qc2 b5 (28... Kh7 $14) 29. a5 $16 (29. Qxc6 Qxc6 30. Rxc6 bxa4 $17 (30... Rxa4 31. Kf1 $17)) 29... Bf8 $2 (29... Rc8 $16 30. Qb3 g4) 30. Nxe5 $18 (30. Qxc6 $6 Qxc6 31. Rxc6 Bxb4 $18) 30... Bxb4 (30... c5 {was necessary.} 31. bxc5 Qe7) 31. Ng4 (31. Qxc6 Qxc6 32. Nxc6 Ba3 $18 (32... Bxa5 $2 33. Ra1 $18)) (31. Nxc6 Bf8 32. e5 Ba3 $16) 31... Bxa5 32. Nxh6+ (32. Nf6+ $142 Kf8 33. Qc5+ (33. Qxc6 Qxc6 34. Rxc6 b4 $17) 33... Kg7 34. Nh5+ Kg8 (34... Kg6 35. Qf5+ Kxh5 36. g4+ Kh4 37. Qf3 Rh8 38. Qh3#) 35. Qe5 (35. Qxc6 Qxc6 36. Rxc6 Kh7 $11)) 32... Kh7 33. Ng4 (33. Qxc6 Qxc6 34. Rxc6 b4 35. Nxf7 b3 $17) 33... Bd8 34. e5+ (34. Qxc6 Qxc6 35. Rxc6 b4 $16) 34... Kg7 35. Qe4 $2 ({Not} 35. Qxc6 Qxc6 36. Rxc6 b4 $14) (35. e6 $18 Qc8 36. Qc3+ (36. Qxc6 Qxc6 37. Rxc6 b4 $11) 36... f6 37. Qb3 (37. Qxc6 Qxc6 38. Rxc6 b4 $11)) 35... Qd7 $1 $14 36. Ne3 (36. Rxc6 Ra1+ 37. Kh2 Qd1 $19) 36... Ra4 37. Qxc6 Qxc6 38. Rxc6 $11 {[%emt 0:00:02][%mdl 4096] Endgame KRB-KRN. White is a pawn up.} Re4 39. Nf5+ Kh7 40. Nd6 Rxe5 (40... Re1+ $1 $11 41. Kh2 Be7) 41. Nxf7 $14 Re1+ 42. Kh2 Be7 43. Nd6 Re6 {[%emt 0:09:42] Strongly threatening ...Rh6+.} 44. Rc7 $1 Rxd6 45. Rxe7+ $11 {[%emt 0:00:00] KR-KR. White is a pawn up.} Kg6 46. Rb7 {[%emt 0:00:00] Wards off Rb6} g4 (46... Rd5 $1 $14 {should be considered.}) 47. Rxb5 {[%emt 0:00:00] aiming for f3.} Rd2 48. Rb4 Rxf2 49. Rxg4+ Kh5 50. Rf4 Ra2 51. Kh3 Kg5 52. Rf3 Ra1 53. g4 Rh1+ 54. Kg3 Ra1 55. Rf5+ Kg6 56. Rb5 Rc1 57. g5 (57. Rd5 $16) 57... Rc4 58. Re5 Ra4 59. Kf3 Ra3+ 60. Kf4 (60. Kg4 $5) 60... Ra4+ 61. Re4 Rxe4+ 62. Kxe4 1/2-1/2

[Event "Marienbad Open IM B 2025"]
[Site "Marianske Lazne"]
[Date "2025.01.21"]
[Round "5.15"]
[White "Sliwerski, Radoslaw"]
[Black "Roesemann, Rainer"]
[Result "0-1"]
[Annotator "TA"]
[ECO "E20"]
[WhiteElo "2040"]
[BlackElo "2276"]
[PlyCount "82"]
[EventDate "2025.01.18"]
[EventType "tourn"]
[EventCountry "CZE"]
[SourceTitle "playchess.com"]
[Source "ChessBase"]
[SourceQuality "1"]
[TimeControl "40/5400+30:1800+30"]

1. d4 Nf6 2. c4 e6 3. Nc3 Bb4 4. f3 c5 5. d5 d6 6. e4 b5 7. Bd2 a6 8. a4 bxc4 {[%emt 0:05:32] The position is equal.} 9. Bxc4 e5 10. Nge2 O-O 11. O-O Re8 12. Qc2 Nbd7 13. Nd1 Bxd2 14. Qxd2 Nf8 15. a5 Ng6 16. Ndc3 Bd7 17. Qd3 Nh5 18. g3 Qg5 19. Kh1 (19. Qc2 {is more complex.} Bh3 20. Qc1 Ngf4 21. Rf2) 19... Reb8 20. Rfb1 (20. b3 $142) 20... Bh3 $11 21. Ra3 {[%emt 0:08:10][%cal Oc3a4] [#]} (21. Bxa6 $2 Nhf4 22. Nxf4 (22. gxf4 $2 Qg2#) 22... exf4 $19 (22... Nxf4 23. Qc2 $17)) 21... Nhf4 $1 {[%emt 0:01:50] Black is more active.} 22. Nxf4 exf4 23. Qd2 Qf6 (23... Rb4 $17 24. Ra4 Rb7 (24... Ne5 25. Be2 $11)) 24. Nd1 (24. Na4 $1 $11) 24... Rb4 $17 25. Be2 {[%emt 0:01:18] [#]} Bd7 $1 26. Nf2 fxg3 27. hxg3 Rab8 28. Bxa6 Rxb2 (28... c4 $17 {[%cal Ob4b3] ...Rb3! would now be deadly.} 29. Rc3 Rb3) 29. Rxb2 $15 Rxb2 30. Qe3 h5 31. Be2 $2 (31. f4 $1 $15) 31... h4 $19 32. g4 {[%emt 0:00:34] [#]} Rb1+ $1 33. Bd1 {[%emt 0:04:55] White is weak on the dark squares} Ne5 $2 ({Black should play} 33... Ra1 $19 {Strongly threatening ...Rxa3.} 34. a6 Qb2) 34. Ra2 (34. a6 $11 {and White stays safe.} Bxg4 35. fxg4 Nxg4 36. Nxg4 Rxd1+ 37. Kh2 Qb2+ (37... Qf1 $2 38. Nf2 $18) 38. Nf2) 34... Bc8 $2 (34... Qxf3+ 35. Qxf3 Nxf3 36. a6 $14) (34... Nxf3 $19 {aiming for ...Ne5.} 35. a6 Ne5 (35... Bc8 36. a7 $16)) 35. a6 {[%emt 0:00:32] Black must now prevent g5.} Bxa6 36. Rxa6 Nxf3 37. Kg2 Ng5 $2 (37... Ne5 $14) 38. Ra8+ $18 Kh7 39. Bc2 {[%emt 0:00:25] White wants to mate with e5+.} h3+ 40. Kh2 $4 (40. Nxh3 {gets mated.} Qf1+ 41. Kh2 Qh1+ 42. Kg3 Qxh3+ (42... Nxh3 $2 {loses.} 43. e5+ g6 44. Bxb1 $18) 43. Kf4 Rf1+ (43... Qh2+ 44. Qg3 Qd2+ 45. Qe3 Rf1+ 46. Kxg5 Qxe3+ 47. Kh5 Qh6#) (43... Qh2+ 44. Qg3 Qd2+ 45. Qe3 Rf1+ 46. Kxg5 Qxe3+ 47. Kh5 Qh6#)) (40. Qxh3+ $18 Nxh3 41. e5+ (41. Bxb1 $2 Qxf2+ 42. Kxh3 Qf1+ 43. Kh2 Qxb1 $19) 41... Qg6 42. Bxg6+ Kxg6 43. exd6 (43. Nxh3 dxe5 44. Rc8 Rb2+ 45. Nf2 Rd2 $18) 43... Nf4+ 44. Kg3 Ne2+ 45. Kf3 Nd4+ 46. Kg2) 40... Qe5+ $19 41. Qg3 Rb2 $2 {[%emt 0:31:54] Weighted Error Value: White=0.60/Black=0.35.  Loses game:     	White=2     	Black=1      Missed win:     	---       	Black=2      Mistake:       	White=2     	Black=2      Inaccurate:     	White=3     	Black=2      OK:         	White=9     	Black=10     Best:        	White=3     	---        Strong:       	---       	Black=1      Brilliant:      	---       	Black=1} (41... Rf1 42. Nxh3 Nf3+ (42... Nxe4 $2 {perishes.} 43. Qxe5 dxe5 44. Ng5+ Kg6 45. Nxe4 $18) 43. Kg2 Ne1+ 44. Kxf1 Qxg3) 0-1